 Dungeon Crawl Stone Soup version 0.29.0-4-gdea44cf6ec (webtiles) character file.

Game seed: 9417913428186977753

68 qw the Chopper (level 4, -1/26 HPs)
             Began as a Tengu Warper on Aug 28, 2022.
             Killed by divine providence
             ... invoked by an orc priest
              (14 damage)
             ... on level 3 of the Dungeon.
             The game lasted 00:00:10 (2215 turns).

qw the Chopper (Tengu Warper)                       Turns: 2215, Time: 00:00:11

Health: -1/26      AC: 11    Str: 13    XL:     4   Next: 19%
Magic:  8/8        EV:  3    Int: 14    God:
Gold:   133        SH:  0    Dex: 13    Spells: 7/7 levels left

rFire   . . .      SeeInvis +   Y - +0 hand axe
rCold   . . .      Faith    .   (no shield)
rNeg    . . .      Spirit   .   j - +0 plate armour
rPois   .          Reflect  .   (helmet restricted)
rElec   .          Harm     .   (no cloak)
rCorr   .          Rampage  .   (no gloves)
Will    .....                   (boots unavailable)
Stlth   ..........              (no amulet)
HPRegen 0.08/turn               g - ring of see invisible
MPRegen 0.11/turn               (no ring)

@: no status effects
A: beak, talons 3
a: no special abilities


You were on level 3 of the Dungeon.
You visited 1 branch of the dungeon, and saw 3 of its levels.

You collected 133 gold pieces.


Innate Abilities, Weirdness & Mutations

You have a beak for a mouth.
You have claws for feet.


   Skills:
 - Level 2.0 Fighting
 + Level 4.3 Axes
 - Level 1.0 Throwing
 - Level 2.2 Armour
 - Level 2.1 Dodging
 - Level 2.0 Spellcasting
 - Level 2.4 Translocations


You had 7 spell levels left.
You didn't know any spells.
Your spell library contained the following spells:

 Spells                   Type           Power      Damage    Failure   Level
 Blink                    Tloc           16%        N/A       100%        2
 Gell's Gravitas          Tloc           8%         N/A       100%        3
 Lesser Beckoning         Tloc           8%         N/A       100%        3
 Teleport Other           Tloc           8%         N/A       100%        3
 Manifold Assault         Tloc           8%         N/A       100%        5

Inventory:

Hand Weapons
 e - a +0 mace
 Y - a +0 hand axe (weapon)
Armour
 j - a +0 plate armour (worn)
Jewellery
 d - a ring of ice
 g - a ring of see invisible (left hand)
Potions
 a - a potion of berserk rage {unknown}
 i - a potion of flight {unknown}

Dungeon Overview and Level Annotations

Branches:
Dungeon (3/15)

Altars:

Shops:
D:1 =


Message History

The orc priest is lightly wounded.
The orc priest hits you but does no damage.
You hit the orc priest.
The orc priest is heavily wounded.
The orc priest hits you with a +0 flail.
You hit the orc priest. Your peck misses the orc priest.
The orc priest is severely wounded.
The orc priest hits you but does no damage.
You hit the orc.
The orc is lightly wounded.
The orc barely misses you.
You barely miss the orc. Your kick misses the orc.
The orc is lightly wounded.
The orc priest looks satisfied for a moment.
The orc hits you but does no damage.
You closely miss the orc.
The orc is lightly wounded.
The orc hits you but does no damage.
You barely miss the orc.
The orc is lightly wounded.
The orc priest calls upon Beogh to heal the orc.
The orc's wounds heal themselves!
The orc hits you with a +0 whip.
You hit the orc. You claw the orc, but do no damage.
The orc is heavily wounded.
The orc priest casts a cantrip, but nothing happens.
The orc hits you with a +0 whip.
You hit the orc but do no damage. Your kick misses the orc.
Your peck misses the orc.
The orc is heavily wounded.
The orc hits you but does no damage.
You hit the orc.
The orc is almost dead.
The orc hits you but does no damage.
You hit the orc but do no damage. You claw the orc.
You kill the orc!
The orc priest begins to cast a cantrip, but forgets the words!
The orc priest mumbles some strange prayers to Beogh against you.
Beogh smites you!
Ouch! That really hurt!
You die...

#.# ...# #.#....#
#.#....### # #.#......
..######.#....#
..#...........#
..............#
#...........#########
#.....>.....).@oS...#
#...........#######..#
##.########## #.# ..
#.# #.# #.# #.# ####.#
#.# ..##.##########.##
.................#


You could see an orc priest and a ball python.

Vanquished Creatures
  2 adders (D:2)
  3 worms
  3 dart slugs
  3 orcs (D:3)
  2 endoplasms
  2 giant cockroaches (D:2)
  3 goblins (D:1)
  2 hobgoblins
  A kobold (D:2)
  3 ball pythons
  5 bats (D:2)
  A frilled lizard (D:1)
  5 rats
35 creatures vanquished.

Notes
Turn   | Place    | Note
-------+----------+-------------------------------------------
     0 | D:1      | qw the Tengu Warper began the quest for the Orb.
     0 | D:1      | Reached XP level 1. HP: 12/12 MP: 4/4
     0 | D:1      | 0 ||| qw: Version: 0.1-a-89-g26bdef1
     0 | D:1      | 0 ||| qw: Game counter: 441
     0 | D:1      | 0 ||| qw: Always use a shield: true
     0 | D:1      | 0 ||| qw: God list: Okawaru
     0 | D:1      | 0 ||| qw: Allow faded altars: false
     0 | D:1      | 0 ||| qw: Do Orc after D:15 true
     0 | D:1      | 0 ||| qw: Do second Lair branch before Depths: true
     0 | D:1      | 0 ||| qw: Lair rune preference: random
     0 | D:1      | 0 ||| qw: Plans: Normal
     0 | D:1      | 0 ||| PLANNING D:1-11
   214 | D:1      | Found Uxozoam's Jewellery Emporium.
   254 | D:1      | 254 ||| SHOPLISTING +4 ring of evasion (504 gold, have 5).
   254 | D:1      | 254 ||| SHOPLISTING +4 ring of protection (504 gold, have
                  | 5).
   254 | D:1      | 254 ||| SHOPLISTING amulet of guardian spirit (420 gold,
                  | have 5).
   254 | D:1      | 254 ||| SHOPLISTING ring of protection from fire (350 gold,
                  | have 5).
   254 | D:1      | 254 ||| SHOPLISTING ring of willpower (350 gold, have 5).
   546 | D:1      | Reached skill level 3 in Axes
   546 | D:1      | Reached XP level 2. HP: 17/17 MP: 6/6
   906 | D:1      | 906 ||| UPGRADING to +0 scale mail.
   916 | D:1      | 916 ||| DROPPING +0 leather armour.
   917 | D:1      | 917 ||| UPGRADING to +0 plate armour.
   927 | D:1      | 927 ||| DROPPING +0 scale mail.
   928 | D:1      | 928 ||| UPGRADING to ring of see invisible.
   929 | D:1      | 929 ||| READING scroll labelled RAOXEN YTHUOPE.
   930 | D:1      | 930 ||| DROPPING scroll of blinking.
   943 | D:2      | 943 ||| STAIRDANCE
   954 | D:2      | 954 ||| STAIRDANCE
  1099 | D:2      | 1099 ||| STAIRDANCE
  1245 | D:2      | Reached XP level 3. HP: 16/21 MP: 7/7
  1446 | D:2      | Reached skill level 4 in Axes
  1494 | D:2      | Noticed a golden eye
  1497 | D:2      | Noticed a floating eye
  1504 | D:2      | Found a faded altar of an unknown god.
  1506 | D:2      | Noticed an eye of devastation
  1506 | D:2      | Noticed an eye of devastation
  1557 | D:2      | 1557 ||| Stepping ~*~*~tactically~*~*~ (hiding).
  1796 | D:2      | Reached XP level 4. HP: 18/26 MP: 8/8
  2059 | D:2      | 2059 ||| READING scroll labelled DEJAZADOONK.
  2060 | D:2      | 2060 ||| READING scroll labelled ISIERU KI YGU.
  2061 | D:2      | 2061 ||| READING scroll labelled SOHEOS REHYLOSU.
  2062 | D:2      | 2062 ||| READING scroll labelled DIZY VAIWKUOCK.
  2192 | D:3      | 2192 ||| Stepping ~*~*~tactically~*~*~ (stealth).
  2215 | D:3      | Killed from afar by an orc priest

Levels and vault maps discovered:
D:1:      dpeg_arrival_renting, layout_basic, serial_shops,
          nicolae_shop_advertising_works [nicolae_subvault_shop_adworks]
D:2:      layout_basic, hellmonk_ecumenical_altar_watching_god,
          minmay_heptomino_h4
D:3:      layout_basic, serial_shops, shop

Skill      XL: |  1  2  3 |
---------------+----------+-----
Axes           | 3 4 |  4.3
Armour         | 2 |  2.2
Fighting       | |  2.0
Throwing       | |  1.0
Dodging        | |  2.1
Spellcasting   | |  2.0
Translocations | |  2.4

Action                   |  1- 3 |  4- 6 || total
-------------------------+-------+-------++-------
Melee: Hand axe          |    65 |    18 ||    83
       Kick              |    21 |     4 ||    25
       Peck              |     9 |     2 ||    11
Throw: Boomerang         |     7 |       ||     7
  Use: Scroll            |     1 |     4 ||     5
Armor: Plate armour      |    47 |     9 ||    56
Dodge: Dodged            |    12 |     1 ||    13

Table legend:
 A = Non-vault XP
 B = Vault XP
 C = Vault XP percentage of total XP
 D = Non-vault monster count
 E = Vault monster count
 F = Vault count percentage of total count
                 A         B        C        D         E       F
            +---------+---------+-------+---------+---------+-------
      Total |      93 |       5 |   5.1 |      32 |       3 |   8.6
            +---------+---------+-------+---------+---------+-------
        D:1 |      19 |       0 |   0.0 |      10 |       0 |   0.0
        D:2 |      59 |       5 |   7.8 |      17 |       3 |  15.0
        D:3 |      15 |       0 |   0.0 |       5 |       0 |   0.0
            +---------+---------+-------+---------+---------+-------
